 Dungeon Crawl Stone Soup version 0.31.0-12-g77e489cdc1 (webtiles) character file.

Game seed: 15629567473520076231

428 booth the Chopper (level 6, -5/48 HPs)
             Began as a Demonspawn Gladiator on Feb 20, 2024.
             Killed by nerve-wracking pain
             ... invoked by Grinder
              (6 damage)
             ... on level 3 of the Dungeon.
             The game lasted 00:16:15 (2760 turns).

booth the Chopper (Demonspawn Gladiator)            Turns: 2760, Time: 00:16:16

Health: -5/48      AC:  5    Str: 14    XL:     6   Next: 65%
Magic:  6/6        EV: 11    Int: 11    God:
Gold:   240        SH:  8    Dex: 14    Spells: 5/5 levels left

rFire   . . .        a - +0 war axe
rCold   . . .        (no shield)
rNeg    . . .        s - +0 ring mail
rPois   .            (helmet restricted)
rElec   .            (no cloak)
rCorr   .            (no gloves)
SInv    .            (no boots)
Will    .....        (no amulet)
Stlth   +            (no ring)
HPRegen 0.00/turn    (no ring)
MPRegen 0.10/turn

%: no passive effects
@: inhibited regen
A: large bone plates 3, condensation shield, demonic touch 1, beak, inhibited
regeneration
a: no special abilities


You were on level 3 of the Dungeon.
You visited 1 branch of the dungeon, and saw 3 of its levels.

You collected 240 gold pieces.

Inventory:

Hand Weapons
 a - a +0 war axe (weapon)
 p - a +0 vampiric whip
Missiles
 d - 3 throwing nets
 f - 3 poisoned darts (quivered)
Armour
 c - a +0 helmet
 s - a +0 ring mail (worn)
Wands
 n - a wand of flame (17)
 r - a wand of paralysis (8)
Scrolls
 h - a scroll of poison {unknown}
 j - a scroll of blinking {unknown}
 k - a scroll of immolation {unknown}
 m - a scroll of fear {unknown}
 o - a scroll of revelation {unknown}
 q - a scroll of teleportation
Potions
 e - 2 potions of invisibility
 g - a potion of might
 i - a potion of magic
 l - a potion of attraction


   Skills:
 + Level 3.9 Fighting
 * Level 5.0 Axes
 + Level 3.5 Throwing
 - Level 3.0 Dodging


You had 5 spell levels left.
You didn't know any spells.
Your spell library contained the following spells:

 Spells                   Type           Power      Damage    Failure   Level
 Shock                    Conj/Air       0%         1d3       58%         1
 Stone Arrow              Conj/Erth      0%         3d7       91%         3
 Swiftness                Air            0%         N/A       91%         3
 Airstrike                Air            0%         2d(0-16)  100%        4
 Animate Armour           Summ/Erth      0%         N/A       100%        4
 Lehudib's Crystal Spear  Conj/Erth      0%         10d2      100%        8


Dungeon Overview and Level Annotations

Branches:
Dungeon (3/15)

Altars:
Wu Jian

Annotations:
D:3 Grinder


Innate Abilities, Weirdness & Mutations

You are completely covered in large bone plates. (SH +8)
A meltable shield of frost defends you. (SH +0)
Your touch may inflict minor irresistible damage on your foes.
You have a beak for a mouth.
You do not regenerate when monsters are visible.


Message History

Grinder is severely wounded.
Grinder says, "Tell me all your secrets, or I'll kill you."
Grinder hits you.
You writhe in agony.
You closely miss Grinder.
Grinder is severely wounded.
Grinder looks more healthy.
Grinder gestures at you. You resist with significant effort. Grinder hits you.
* * * LOW HITPOINT WARNING * * *
You closely miss Grinder.
You touch Grinder.
Grinder is severely wounded.
Grinder zaps a wand.
The puff of flame hits you!
* * * LOW HITPOINT WARNING * * *
It was a potion of magic.
Magic courses through your body. Grinder hits you but does no damage.
Okay, then.
It was a potion of mutation.
You feel extremely strange.
Your mouth lengthens and hardens into a beak!
Your +0 helmet falls away!
Your regeneration stops near monsters.
Grinder blinks!
Throw: 5 darts (poison)
Press: ? - help, Q - select action, (/) - cycle Shift-Dir - straight line, f/p - Grinder
Aim: Grinder, carrying a wand of flame (severely wounded, 53% to hit)
You throw a poisoned dart.
The poisoned dart closely misses Grinder.
Grinder gestures at you. Pain shoots through your body!
* * * LOW HITPOINT WARNING * * *
Throw: 4 darts (poison)
Press: ? - help, Q - select action, (/) - cycle Shift-Dir - straight line, f/p - Grinder
Aim: Grinder, carrying a wand of flame (severely wounded, 53% to hit)
You throw a poisoned dart. The poisoned dart hits Grinder.
Grinder is severely wounded.
You hit Grinder. You peck Grinder. Your touch misses Grinder.
Grinder is almost dead.
Grinder gestures at you. Pain shoots through your body!
You die...
Grinder says, "Hey, I wasn't done torturing you yet!"

#.#.######.##........#
#.#.######.########..#
#..........# #..#
#...#.####.# #..#####
##....## #.# #..†....
#.....# #.# ##.#####
#.#.#.# #.# #.#
#.#.#.###.## #.#
#.#.#.##@..## #.#
#......)5...# #.#
###..###(...# #.# ###
..... .(#.#..... ..#
#.. #####.##(#)....##
### #.# #. #.####.##
#.# .. .. .# #.# ## ..
.# ### ... .._


You could see Grinder.

Vanquished Creatures
  Sigmund (D:3)
  A jelly (D:2)
  Ijyb (D:3)
  Natasha (thrice) (D:2)
  2 gnolls
  3 adders
  3 dart slugs
  8 ball pythons
  4 bats
  8 endoplasms
  7 giant cockroaches
  8 goblins
  5 hobgoblins
  2 jackals (D:1)
  7 quokkas
  2 frilled lizards
  3 kobolds
  6 rats
74 creatures vanquished.

Notes
Turn   | Place    | Note
-------+----------+-------------------------------------------
     0 | D:1      | booth the Demonspawn Gladiator began the quest for the Orb.
     0 | D:1      | Reached XP level 1. HP: 16/16 MP: 1/1
   169 | D:1      | Gained mutation: You are partially covered in large bone
                  | plates. (SH +4) [demonic ancestry]
   169 | D:1      | Reached XP level 2. HP: 18/22 MP: 2/2
   287 | D:1      | Reached skill level 3 in Axes
   475 | D:1      | Gained mutation: Your touch may inflict minor irresistible
                  | damage on your foes. [demonic ancestry]
   475 | D:1      | Reached XP level 3. HP: 28/28 MP: 3/3
  1022 | D:2      | Noticed Natasha
  1030 | D:2      | Killed Natasha
  1040 | D:2      | Noticed Natasha
  1060 | D:2      | Killed Natasha
  1061 | D:2      | Gained mutation: You are mostly covered in large bone
                  | plates. (SH +6) [demonic ancestry]
  1061 | D:2      | Reached XP level 4. HP: 16/34 MP: 4/4
  1289 | D:2      | Gained mutation: A meltable shield of frost defends you.
                  | (SH +0) [demonic ancestry]
  1289 | D:2      | Reached XP level 5. HP: 41/41 MP: 5/5
  1324 | D:2      | Reached skill level 4 in Axes
  1801 | D:2      | Noticed Natasha
  1808 | D:2      | Killed Natasha
  2144 | D:3      | Noticed Sigmund
  2158 | D:3      | Killed Sigmund
  2159 | D:3      | Gained mutation: You are completely covered in large bone
                  | plates. (SH +8) [demonic ancestry]
  2159 | D:3      | Reached XP level 6. HP: 8/48 MP: 6/6
  2301 | D:3      | Found an ornate altar of the Wu Jian Council.
  2522 | D:3      | Noticed Ijyb
  2534 | D:3      | Killed Ijyb
  2535 | D:3      | Reached skill level 5 in Axes
  2733 | D:3      | Noticed Grinder
  2756 | D:3      | Gained mutation: You have a beak for a mouth. [potion of
                  | mutation]
  2756 | D:3      | Gained mutation: You do not regenerate when monsters are
                  | visible. [potion of mutation]
  2757 | D:3      | HP: 1/48 [Grinder/nerve-wracking pain (4)]
  2760 | D:3      | Killed from afar by Grinder

Illustrated notes

Levels and vault maps discovered:
D:1:      lightli_arrival_lavapool, layout_loops_cross,
          nicolae_concentric_dashed_squares_wild
D:2:      minmay_razor_zed, layout_basic, minmay_pentomino_q2, uniq_natasha
D:3:      minmay_evil_eye, layout_loops_ring, nzn_wu_jian_council_hall,
          chequers_ecumenical_altar_twisty, chequers_serial_rivers_micro_d,
          uniq_grinder, uniq_ijyb, uniq_sigmund

Skill      XL: |  1  2  3  4  5  6 |
---------------+-------------------+-----
Throwing       | 2 3 |  3.5
Axes           | 3 4 5 |  5.0
Dodging        | 3 |  3.0
Fighting       | 3 |  3.9

Action                     |  1- 3 |  4- 6 || total
---------------------------+-------+-------++-------
  Melee: War axe           |    77 |   104 ||   181
         Touch             |     9 |    22 ||    31
         Peck              |       |     1 ||     1
  Throw: Throwing net      |     3 |       ||     3
         Javelin           |     2 |       ||     2
         Dart              |     1 |     4 ||     5
    Use: Potion            |     1 |     5 ||     6
         Scroll            |     1 |     2 ||     3
   Stab: Sleeping          |     1 |     2 ||     3
 Armour: Leather armour    |    34 |    27 ||    61
         Ring mail         |       |    11 ||    11
  Dodge: Dodged            |    52 |    43 ||    95
  Block: Other             |    10 |    38 ||    48
